 Seeded DCSS version 0.28.0-47-ge53b351184 (webtiles) character file.

Game seed: 7602521317262848973 (custom seed)

120 NinjaNoafa the Skirmisher (level 4, 0/41 HPs)
             Began as a Minotaur Monk on Apr 28, 2022.
             Killed from afar by an orc wizard (1 damage)
             ... with a magic dart
             ... on level 3 of the Dungeon.
             The game lasted 00:03:01 (1959 turns).

NinjaNoafa the Skirmisher (Minotaur Monk)           Turns: 1959, Time: 00:03:01

Health: 0/41       AC:  4    Str: 18    XL:     4   Next: 75%
Magic:  3/3        EV: 13    Int:  7    God:
Gold:   45         SH:  0    Dex: 12    Spells: 3/3 levels left

rFire   . . .      SeeInvis .   a - +4 quarterstaff (chaos)
rCold   . . .      Faith    .   (shield currently unavailable)
rNeg    . . .      Spirit   .   b - +1 robe
rPois   .          Reflect  .   (helmet restricted)
rElec   .          Harm     .   j - +0 cloak
rCorr   .          Rampage  .   (no gloves)
Will    +....                   (no boots)
Stlth   +.........              (no amulet)
HPRegen 0.13/turn               g - ring of willpower
MPRegen 0.08/turn               (no ring)

@: confused
A: horns 2, retaliatory headbutt
a: no special abilities


You were on level 3 of the Dungeon.
You visited 1 branch of the dungeon, and saw 3 of its levels.

You collected 45 gold pieces.

Inventory:

Hand Weapons
 a - a +4 quarterstaff of chaos (weapon)
 d - a +1 triple sword of protection
Armour
 b - a +1 robe (worn)
 j - a +0 cloak (worn)
Jewellery
 g - a ring of willpower (left hand)
Wands
 e - a wand of mindburst (17)
Scrolls
 h - a scroll of fear


   Skills:
 + Level 4.6 Fighting
 - Level 4.1 Long Blades
 * Level 2.2 Staves
 * Level 2.5 Armour
 - Level 3.8 Dodging
 - Level 1.5 Stealth


You had 3 spell levels left.
You didn't know any spells.
Your spell library contained the following spells:

 Spells                   Type           Power      Damage    Failure   Level
 Sting                    Tmut/Pois      0%         1d3       43%         1
 Poisonous Vapours        Pois/Air       0%         N/A       56%         2
 Call Canine Familiar     Summ           0%         N/A       80%         3
 Portal Projectile        Hex/Tloc       0%         N/A       80%         3
 Leda's Liquefaction      Hex/Erth       0%         N/A       99%         4
 Olgreb's Toxic Radiance  Pois           0%         N/A       99%         4


Dungeon Overview and Level Annotations

Branches:
Dungeon (3/15)

Altars:


Innate Abilities, Weirdness & Mutations

You have a pair of horns on your head.
You reflexively headbutt those who attack you in melee.


Message History

You hear some strange, mumbled words.
A puff of flame appears from out of thin air!
The puff of flame hits you.
* * * LOW HITPOINT WARNING * * *
The orc hits you with a +0 club.
* * * LOW HITPOINT WARNING * * *
As you read the scroll of fear, it crumbles to dust.
You assume a fearsome visage.
The orc looks frightened!
Hit: a) +4 quarterstaff (chaos)
Press: ? - help, Dir - move target, f - you
Okay, then.
Aiming: Mindburst
Press: ? - help, Shift-Dir - straight line Something's mind is blasted!
Aiming: Mindburst
Press: ? - help, Shift-Dir - straight line, f - orc
Aim: an orc, wielding a +0 club (heavily wounded, fleeing, chance to affect: 79%)
Your attack snaps the orc out of its fear.
The orc's mind is blasted!
You blow up the orc!
You hear some strange, mumbled words.
You are confused.
You bump into the rock wall.
You hear some strange, mumbled words.
Something tries to affect you, but you resist.
You closely miss something. Your headbutt misses something.
You hear some strange, mumbled words.
A magic dart appears from out of thin air!
The magic dart hits you.
* * * LOW HITPOINT WARNING * * *
You are too confused!
You miss something. Your headbutt misses something.
You hear some strange, mumbled words.
A magic dart appears from out of thin air!
The magic dart hits you.
* * * LOW HITPOINT WARNING * * *
You hear some strange, mumbled words.
A magic dart appears from out of thin air!
The magic dart hits you.
You die...

*,*********,#.#.###### **,*
*,#.#......# ,,,* *,#.#......#
*,,* *,#.#......# *,,*
*,#.#......# *,,* *,#.#......#
*,,*****####.#.#......#**********
*,,**,,...............+,,,,,,,,,,
*,^**,*#####...#@{....#**********
,,,**,*****#####))....#********,,
**,**>,,,,,,,,,....)....,,,,,*,8,
*,***********##########****,*_,,
**,************************,,*,8,
*,,,,,,,,,,,,,,,,,,,,,,,,,,,,**,,
***************************,,,***
,,,,,,* *,,,* ***,,* *****,*
*,*,* **,*


There were no monsters in sight!

Vanquished Creatures
  Crazy Yiuf (D:2)
  An orc priest (D:3)
  A worm (D:2)
  3 dart slugs
  2 orcs (D:3)
  A ball python (D:1)
  6 endoplasms
  2 giant cockroaches
  4 goblins
  2 hobgoblins
  6 jackals (D:1)
  2 quokkas
  2 bats (D:2)
  2 frilled lizards
  6 kobolds
  4 rats
45 creatures vanquished.

Notes
Turn   | Place    | Note
-------+----------+-------------------------------------------
     0 | D:1      | NinjaNoafa the Minotaur Monk began the quest for the Orb.
     0 | D:1      | Reached XP level 1. HP: 19/19 MP: 0/0
   148 | D:1      | Reached XP level 2. HP: 25/27 MP: 1/1
   257 | D:1      | Reached skill level 1 in Staves
   630 | D:1      | Reached skill level 1 in Armour
   840 | D:1      | Reached XP level 3. HP: 33/33 MP: 2/2
   921 | D:1      | Identified a scroll of acquirement
   921 | D:1      | Acquired a +0 triple sword of protection
  1300 | D:2      | Found a faded altar of an unknown god.
  1859 | D:2      | Found a runed translucent door.
  1860 | D:2      | Noticed Crazy Yiuf
  1866 | D:2      | Killed Crazy Yiuf
  1867 | D:2      | Reached XP level 4. HP: 41/41 MP: 3/3
  1959 | D:3      | HP: 1/41 [something/magic dart (6)]
  1959 | D:3      | Killed from afar by an orc wizard

Illustrated notes

Levels and vault maps discovered:
D:1:      minmay_arrival_three_doors, layout_loops_ring
D:2:      layout_basic, ebering_ecumenical_altar_ruins,
          minmay_stone_trees_small, uniq_crazy_yiuf_cottage
D:3:      layout_basic, kennysheep_orc_chapel

Skill      XL: |  1  2  3  4 |
---------------+-------------+-----
Staves         | 1 2 |  2.2
Fighting       | 4 |  4.6
Armour         | 1 2 |  2.5
Long Blades    | 4 |  4.1
Dodging        | |  3.8
Stealth        | |  1.5

Action                   |  1- 3 |  4- 6 || total
-------------------------+-------+-------++-------
Melee: Falchion          |    40 |       ||    40
       Headbutt          |     7 |     1 ||     8
       Triple sword      |    37 |       ||    37
       Quarterstaff      |       |    11 ||    11
Evoke: Wand              |       |     2 ||     2
  Use: Scroll            |     6 |     4 ||    10
       Potion            |     2 |       ||     2
 Stab: Sleeping          |     5 |       ||     5
Armor: Robe              |    23 |     9 ||    32
Dodge: Dodged            |    69 |     9 ||    78
